 Seeded DCSS version 0.32-a0-909-gc671339a80 (webtiles) character file.

Game seed: 17073724502869601980 (custom seed)

4739 timneilson the Ruffian (level 10, -2/65 HPs)
             Began as an Octopode Shapeshifter on Apr 6, 2024.
             Was an Initiate of Gozag.
             Slain by a two-headed ogre
             ... wielding a +0 giant club
              (25 damage)
             ... on level 9 of the Dungeon.
             The game lasted 00:23:16 (8783 turns).

timneilson the Ruffian (Octopode Shapeshifter)      Turns: 8783, Time: 00:23:17

Health: -2/65      AC:  5    Str: 17    XL:     10   Next: 46%
Magic:  10/10      EV: 15    Int: 19    God:    Gozag
Gold:   692        SH: 13    Dex: 15    Spells: 9/9 levels left

rFire   x .          .
                       - Unarmed
rCold   . . .        d - +3 buckler "Huniod" {rPois rN+}
rNeg    + + +        (helmet currently unavailable)
rPois   +            G - amulet of Ephemeral Luck {Reflect rPois rF- rN++ Dex+3 Slay+3 SH+5}
rElec   .            n - ring of resist corrosion
rCorr   +            o - ring of see invisible
SInv    +            y - +4 ring of protection
Will    .....        C - +6 ring of intelligence
Stlth   ++++         (no ring)
HPRegen 0.30/turn    (no ring)
MPRegen 0.12/turn    (no ring)
                     (no ring)

%: reflection
@: beast-form
A: beast (slay +3), almost no armour, amphibious, 8 rings, camouflage 1,
gelatinous body 1, (nimble swimmer 1), tentacles
a: Begin Untransformation, Renounce Religion, Potion Petition, Call Merchant,
Bribe Branch


You were on level 9 of the Dungeon.
You worshipped Gozag.
Gozag was pleased with you.
You were a hulking beast.
You visited 2 branches of the dungeon, and saw 10 of its levels.

You collected 1583 gold pieces.
You spent 826 gold pieces at shops.
You paid 65 gold pieces to Gozag.

Inventory:

Missiles
 u - 21 poisoned darts (quivered)
 I - a throwing net
Armour
 d - the +3 buckler "Huniod" (worn) {rPois rN+}
   (You acquired it on level 1 of the Dungeon)

   rPois:     It protects you from poison.
   rN+:       It protects you from negative energy.
 p - the -2 hat of the Alchemist {rElec rPois rF+ rC+ rN+ Will+ rMut rCorr}
   (You acquired it on level 4 of the Dungeon)

   rF+:       It protects you from fire.
   rC+:       It protects you from cold.
   rElec:     It insulates you from electricity.
   rPois:     It protects you from poison.
   rN+:       It protects you from negative energy.
   Will+:     It increases your willpower.
   rCorr:     It protects you from acid and corrosion.
   rMut:      It protects you from mutation.
Jewellery
 n - a ring of resist corrosion (left tentacle)
 o - a ring of see invisible (right tentacle)
 y - a +4 ring of protection (on tentacle)
 C - a +6 ring of intelligence (on tentacle)
 G - the amulet of Ephemeral Luck (around mantle) {Reflect rPois rF- rN++ Dex+3 Slay+3 SH+5}
   (You bought it in a shop on level 8 of the Dungeon)

   [amulet of reflection]

   Reflect:   It reflects blocked missile attacks.
   Dex+3:     It affects your dexterity (+3).
   Slay+3:    It affects your accuracy & damage with ranged weapons and melee
   (+3).
   rF-:       It makes you vulnerable to fire.
   rPois:     It protects you from poison.
   rN++:      It greatly protects you from negative energy.
   SH+5:      It affects your SH (+5).
Talismans
 b - a beast talisman (active)
 c - a flux talisman
 g - a granite talisman
 l - a dragon-blood talisman
Wands
 m - a wand of roots (20)
 z - a wand of quicksilver (10)
 D - a wand of flame (17)
 E - a wand of charming (4)
 H - a wand of mindburst (8)
Scrolls
 r - 2 scrolls of fear
 t - 2 scrolls of amnesia
 A - a scroll of teleportation
 B - a scroll of summoning {unknown}
 J - a scroll of revelation {unknown}
Potions
 a - 3 potions of lignification
 e - a potion of mutation {unknown}
 f - 3 potions of haste {unknown}
 h - a potion of might
 i - 3 potions of curing
 j - a potion of degeneration {unknown}
 k - 2 potions of berserk rage
 q - 2 potions of ambrosia
 s - a potion of magic {unknown}
 v - a potion of heal wounds {unknown}
 w - 2 potions of attraction
 x - a potion of enlightenment {unknown}


   Skills:
 + Level 4.6 Fighting
 * Level 7.1 Dodging
 + Level 6.7 Stealth
 + Level 4.5 Shields
 * Level 7.5 Unarmed Combat
 + Level 4.9 Evocations
 * Level 6.7 Shapeshifting


You had 9 spell levels left.
You didn't know any spells.
Your spell library contained the following spells:

 Spells                   Type           Power      Damage    Failure   Level
 Sting                    Conj/Alch      0%         1d3       26%         1
 Mercury Vapours          Alch/Air       0%         N/A       36%         2
 Summon Ice Beast         Ice/Summ       0%         N/A       61%         3
 Volatile Blastmotes      Fire/Tloc      0%         2d10      61%         3
 Fulminant Prism          Conj/Alch      0%         3d5       95%         4
 Iskenderun's Mystic Bla Conj/Tloc 0%             2d3        (+2d1     95%         4
 Olgreb's Toxic Radiance  Alch           0%         N/A       95%         4
 Summon Mana Viper        Hex/Summ       0%         N/A       100%        5
 Conjure Ball Lightning   Conj/Air       0%         3x3d6     100%        6
 Monstrous Menagerie      Summ           0%         N/A       100%        7
 Discord                  Hex            0%         N/A       100%        8
 Disjunction              Tloc           0%         N/A       100%        8


Dungeon Overview and Level Annotations

Branches:
Dungeon (9/15)             Temple (1/1) D:5            Lair (0/5) D:9
    Orc: D:9-12

Altars:
Ashenzari
Cheibriados
Dithmenos
Elyvilon
Fedhas
Gozag
Hepliaklqana
Kikubaaqudgha
Makhleb
Nemelex Xobeh
Okawaru
Qazlal
Ru
Sif Muna
Trog
Uskayaw
Vehumet
Wu Jian
Xom
Yredelemnul
Zin
The Shining One

Shops:
D:8 =


Innate Abilities, Weirdness & Mutations

You are a hulking beast.
Your limbs bulge with bestial killing power. (Slay +3)
You cannot wear most types of armour.
You are amphibious.
You can wear up to eight rings at the same time.
Your skin changes colour to match your surroundings (Stealth+).
Your rubbery body absorbs attacks. (AC +1, EV +1)
((You are camouflaged when in or above water. (Stealth+)))
You have tentacles for arms and can constrict up to eight enemies at once.


Message History

Found 5 stones.
A two-headed ogre comes into view. It is wielding two +0 giant clubs.
The two-headed ogre moves out of view.
Found a stone staircase leading down.
Throw: dart (curare)
Press: ? - help, Shift-Dir - straight line, f - two-headed ogre
Aim: a two-headed ogre, wielding two +0 giant clubs (wandering, hasn't noticed you, 78% to hit)
You throw a curare-tipped dart.
The curare-tipped dart hits the two-headed ogre.
The two-headed ogre is poisoned.
The two-headed ogre struggles to breathe.
The two-headed ogre seems to slow down.
The two-headed ogre shouts in stereo!
The two-headed ogre is lightly wounded.
Throw: 23 darts (poison)
Press: ? - help, Q - select action, (/) - cycle Shift-Dir - straight line, f/p - two-headed ogre
Aim: a two-headed ogre, wielding two +0 giant clubs (lightly wounded, very poisoned, slow, 78% to hit)
You throw a poisoned dart.
The poisoned dart hits the two-headed ogre.
The two-headed ogre looks even sicker.
The two-headed ogre is lightly wounded.
Throw: 22 darts (poison)
Press: ? - help, Q - select action, (/) - cycle Shift-Dir - straight line, f/p - two-headed ogre
Aim: a two-headed ogre, wielding two +0 giant clubs (lightly wounded, very poisoned, slow, 78% to hit)
You throw a poisoned dart.
The poisoned dart hits the two-headed ogre.
The two-headed ogre looks as sick as possible!
The two-headed ogre is lightly wounded.
You tentacle-slap the two-headed ogre. You squeeze the two-headed ogre!
The two-headed ogre is severely wounded.
The two-headed ogre is no longer moving slowly.
The two-headed ogre hits you with a +0 giant club!! x2
You tentacle-slap the two-headed ogre.
The two-headed ogre is severely wounded.
Unknown command.
You bludgeon the two-headed ogre!
The two-headed ogre is almost dead.
The two-headed ogre hits you with a +0 giant club!!
You die...
Your body crumbles into a pile of gold.

####.......#+## ###
#...##.#......# #..
#.............###########..
#....#...(.................
#.........#................
#.........#................
#..>.......#................
#..........#................
#..........h................
#......#....O......./.......
###.........................
.......##..................
.....#. ...................
....##....................
.. ......(.......####..
#......(.....(.#...##
#.......#.....


You could see a two-headed ogre (very poisoned).

Vanquished Creatures
  Joseph (D:8)
  5 yaks (D:8)
  A steam dragon (D:9)
  3 water moccasins
  3 orc warriors
  A black bear (D:6)
  An ogre (D:6)
  2 centaurs
  2 phantoms (D:5)
  2 kobold brigands
  3 bullfrogs
  2 gnoll sergeants
  2 scorpions (D:5)
  8 wights
  3 killer bees (D:7)
  3 howler monkeys
  4 hounds
  9 orc priests
  2 gnoll boudas
  2 sleepcaps
  3 iguanas
  8 orc wizards
  24 gnolls
  10 adders
  A shadow imp (D:8)
  A white imp (D:7)
  2 ufetubi (D:6)
  3 dart slugs
  43 orcs
  7 endoplasms
  5 giant cockroaches
  8 hobgoblins
  7 jackals
  4 quokkas
  3 ball pythons
  9 bats
  7 frilled lizards
  5 goblins
  20 kobolds
  5 rats
234 creatures vanquished.

Notes
Turn   | Place    | Note
-------+----------+-------------------------------------------
     0 | D:1      | timneilson the Octopode Shapeshifter began the quest for
                  | the Orb.
     0 | D:1      | Reached XP level 1. HP: 13/13 MP: 1/1
   125 | D:1      | Identified a scroll of acquirement
   125 | D:1      | Acquired the +3 buckler "Huniod" {rPois rN+}
   271 | D:1      | Reached XP level 2. HP: 18/18 MP: 2/2
   749 | D:2      | Reached skill level 1 in Stealth
   753 | D:2      | Reached XP level 3. HP: 23/23 MP: 3/3
   823 | D:3      | Found a faded altar of an unknown god.
   929 | D:3      | Found a radiant altar of Vehumet.
  1268 | D:2      | Reached XP level 4. HP: 23/28 MP: 4/4
  1565 | D:4      | Acquired the -2 hat of the Alchemist {rElec rPois rF+ rC+
                  | rN+ Will+ rMut rCorr}
  1565 | D:4      | Found the -2 hat of the Alchemist {rElec rPois rF+ rC+ rN+
                  | Will+ rMut rCorr}
  1613 | D:5      | Entered Level 5 of the Dungeon
  1692 | D:5      | Noticed a phantom
  1880 | D:5      | Found a staircase to the Ecumenical Temple.
  1888 | Temple   | Entered the Ecumenical Temple
  1907 | Temple   | Became a worshipper of Gozag Ym Sagoz the Greedy
  2128 | D:3      | Reached skill level 1 in Shields
  2425 | D:3      | Reached XP level 5. HP: 33/33 MP: 5/5
  2905 | D:4      | Reached skill level 1 in Evocations
  3153 | D:4      | Reached XP level 6. HP: 37/39 MP: 6/6
  3599 | D:5      | Noticed a water moccasin
  3610 | D:5      | Killed a water moccasin
  3611 | D:5      | Reached XP level 7. HP: 41/45 MP: 7/7
  3996 | D:5      | Reached XP level 8. HP: 51/51 MP: 8/8
  4498 | D:6      | Reached skill level 5 in Unarmed Combat
  5210 | D:6      | Reached skill level 5 in Shapeshifting
  5550 | D:7      | Found a shimmering blue altar of Sif Muna.
  5561 | D:7      | Found an iron altar of Okawaru.
  5734 | D:7      | Reached skill level 5 in Dodging
  5783 | D:7      | Found a broken altar of Ashenzari.
  5887 | D:7      | Reached XP level 9. HP: 39/57 MP: 9/9
  5994 | D:7      | Reached skill level 5 in Stealth
  6717 | D:8      | Noticed Joseph
  6842 | D:8      | Killed Joseph
  7008 | D:8      | Found Idowidgh's Jewellery Emporium.
  7016 | D:8      | Bought the amulet of Ephemeral Luck {Reflect rPois rF- rN++
                  | Dex+3 Slay+3 SH+5} for 826 gold pieces
  7070 | D:8      | Identified the +5 long sword of Fear {distort, rC+}
  7326 | D:8      | Reached XP level 10. HP: 53/64 MP: 10/10
  7662 | D:8      | Found a stormy altar of Qazlal.
  7662 | D:8      | Found a bloodstained altar of Trog.
  7662 | D:8      | Found an ornate altar of the Wu Jian Council.
  8147 | D:9      | Found a staircase to the Lair.
  8736 | D:9      | Noticed a two-headed ogre
  8783 | D:9      | Slain by a two-headed ogre

Illustrated notes

Levels and vault maps discovered:
D:1:      lightli_arrival_windingriver, layout_loops_ring
D:2:      layout_basic, dk_noncrumbling_3
D:3:      layout_loops_corners, mainiacjoe_overflow_boulevard,
          shapermc_ecumenical_altar_gd, minmay_misc_feat_alley, st_stairs_8
D:4:      layout_gridville, lemuel_flame_loot_1
D:5:      layout_basic, minmay_temple_entry_stoned_glass
D:6:      layout_basic, grunt_decor_mini_mirrors
D:7:      layout_loops_cross, mainiacjoe_overflow_six_doors_small,
          lemuel_round_altar, lemuel_blue_sif_altar
D:8:      layout_cave_pools, gammafunk_temple_overflow_claw, serial_shops, shop,
          hangedman_abyss_or_decor_passed, fungi_pond_lemuel, uniq_joseph
D:9:      layout_basic, dpeg_oklobed_lair, minmay_ruined_shrine
Temple:   nicolae_temple_superstar

Skill      XL: |  1  2  3  4  5  6  7  8  9 10 |
---------------+-------------------------------+-----
Stealth        | 1 2 3 4 6 |  6.7
Shields        | 1 2 3 4 |  4.5
Dodging        | 3 4 5 6 7 |  7.1
Evocations     | 1 2 3 4 |  4.9
Unarmed Combat | 4 5 7 |  7.5
Fighting       | 2 3 4 |  4.6
Shapeshifting  | 4 5 6 |  6.7

Action                     |  1- 3 |  4- 6 |  7- 9 | 10-12 || total
---------------------------+-------+-------+-------+-------++-------
  Melee: Unarmed           |    64 |   111 |   246 |    83 ||   504
         Constrict         |    19 |    29 |    67 |    24 ||   139
         Tentacles         |    11 |    20 |    64 |    24 ||   119
         Punch             |       |     3 |    17 |     4 ||    24
  Throw: Dart              |       |       |     4 |     3 ||     7
  Evoke: Wand              |       |       |     1 |       ||     1
    Use: Scroll            |     3 |     5 |     6 |     1 ||    15
         Potion            |       |     1 |     1 |       ||     2
   Stab: Sleeping          |     7 |    16 |     7 |     2 ||    32
         Distracted        |       |       |     1 |     1 ||     2
 Armour: Skin              |    24 |    38 |    95 |    33 ||   190
  Dodge: Dodged            |    30 |    33 |   100 |    29 ||   192
  Block: Buckler           |     9 |    17 |    63 |    38 ||   127

Table legend: (Time is in decaauts)
 A = Elapsed time spent in this place.
 B = Non-inter-level travel time spent in this place.
 C = Inter-level travel time spent in this place.
 D = Time resting spent in this place.
 E = Time spent auto-exploring this place.
 F = Levels seen in this place.
 G = Mean time per level.
                   A        B        C        D        E       F      G
               +--------+--------+--------+--------+--------+-----+--------+
         Total |   8759 |   8472 |    287 |   1254 |   4123 |  10 |  875.9 |
       Dungeon |   8720 |   8451 |    269 |   1254 |   4123 |   9 |  968.9 |
        Temple |     38 |     20 |     18 |      0 |      0 |   1 |   38.0 |
               +--------+--------+--------+--------+--------+-----+--------+

Top non-repeatable levels by time:
     D:8: 1465 daAuts
     D:6: 1271 daAuts
     D:4: 1260 daAuts
     D:7: 1191 daAuts
     D:3: 942 daAuts
     D:5: 773 daAuts
     D:1: 699 daAuts
     D:9: 690 daAuts
     D:2: 426 daAuts
  Temple: 38 daAuts
